[Event "*** Titled Tuesday 3|2 Blitz"]
[Site "Chess.com"]
[Date "2015.03.03"]
[Round "3"]
[White "GMHess"]
[Black "FabianEnglert"]
[Result "1-0"]
[WhiteElo "2464"]
[BlackElo "2237"]
[TimeControl "180+2"]
[EndTime "11:33:26 PST"]
[Termination "GMHess won by resignation"]

1. e4 c5 2. Nc3 a6 3. g3 b5 4.
Bg2 Bb7 5. Nge2 e6 6. O-O Nf6 7. d3 b4 8. Na4 d6 9. Nf4 Nbd7 10. a3 a5 11. Re1 Bc6 12. c3 Rc8 13. d4 cxd4 14.
cxd4 d5 15. exd5 Bxa4 16. Qxa4 1-0

[Event "*** Titled Tuesday 3|2 Blitz"]
[Site "Chess.com"]
[Date "2015.03.03"]
[Round "3"]
[White "1stSecond"]
[Black "patzerplay"]
[Result "1-0"]
[WhiteElo "2374"]
[BlackElo "2163"]
[TimeControl "180+2"]
[EndTime "11:33:54 PST"]
[Termination "1stSecond won by resignation"]

1. d4 Nf6 2. Nf3 g6 3. c4 Bg7 4.
g3 O-O 5. Bg2 d5 6. cxd5 Nxd5 7.
O-O Nc6 8. Nc3 Nb6 9. e3 Re8 10. b3 a5 11. Bb2 Bd7 12. h3 Nb4 13. a3 Nc6 14. Kh2 h6 15. Qe2 Be6 16. Qc2 Bf5 17.
e4 Bd7 18. d5 Nd4 19. Nxd4 Bxd4 20. Rad1 Bg7 21. f4 a4 22. b4 Nc4 23. Bc1 b5 24. e5 e6 25. dxe6 Rxe6 26. Bxa8 Qxa8 27.
Rxd7 Qc6 28. Rd8+ Kh7 29. Qe4 Qb6 30. Nd5 Qa7 31. Ne3 Nd6 32. Qd5 c6 33. Qd3 Ne8 34. Ng4 h5 35. f5 1-0

[Event "*** Titled Tuesday 3|2 Blitz"]
[Site "Chess.com"]
[Date "2015.03.03"]
[Round "3"]
[White "biostatistician"]
[Black "DanielNaroditsky"]
[Result "0-1"]
[WhiteElo "2302"]
[BlackElo "2608"]
[TimeControl "180+2"]
[EndTime "11:34:29 PST"]
[Termination "DanielNaroditsky won by resignation"]

1. d4 Nf6 2. Nf3 g6 3. c4 Bg7 4.
Nc3 O-O 5. e4 d6 6. Be2 c5 7. d5 e6 8. O-O Re8 9. h3 Na6 10. Bd3 Nc7 11. a4 b6 12. Re1 a6 13.
Bf4 e5 14. Bd2 a5 15. Nh2 Nh5 16. Bf1 Nf4 17. Ne2 Nd3 18. Nc3 Nxe1 19. Qxe1 Na6 20.
Ra3 Nb4 21. Qd1 Rf8 22. Ng4 f5 23. exf5 gxf5 24. Nh6+ Kh8 25. Qh5 Qf6 26. Nd1 Qg6 27. Qh4 Bf6 28. Qg3 Qxg3 29. Rxg3 f4 30. Rf3 Bg7 31. Ng4 Bf5 32. Nc3 Nc2 33. Nd1 h5 34.
Nh2 Nd4 35. Ra3 Bc2 36. Nc3 e4 37. Ra1 Nb3 38. Rc1 Nxc1 39. Bxc1 Bxc3 40. bxc3 Bxa4 0-1

[Event "*** Titled Tuesday 3|2 Blitz"]
[Site "Chess.com"]
[Date "2015.03.03"]
[Round "3"]
[White "IMRosen"]
[Black "AungTZ"]
[Result "1-0"]
[WhiteElo "2101"]
[BlackElo "2071"]
[TimeControl "180+2"]
[EndTime "11:35:15 PST"]
[Termination "IMRosen won by resignation"]

1. c4 e5 2. Nc3 Nf6 3. Nf3 Nc6 4.
a3 d5 5. cxd5 Nxd5 6. Qc2 Be6 7.
e3 Bd6 8. Nxd5 Bxd5 9. Bc4 Bxc4 10. Qxc4 O-O 11. d3 Kh8 12. e4 h6 13. O-O Qd7 14.
Be3 Rad8 15. Rfd1 f5 16. exf5 Qxf5 17. Qe4 Qf7 18. b4 a6 19. Rac1 Rde8 20. Nh4 Re6 21. Rc2 Be7 22. Nf3 Bd6 23. Rdc1 Rg6 24. Nh4 Re6 25. h3 Nb8 26. Qxb7 Nd7 27. Qe4 Be7 28. Rxc7 Bxh4 29. Qxh4 Re7 30. Bc5 Nxc5 31. Rxe7 1-0

[Event "*** Titled Tuesday 3|2 Blitz"]
[Site "Chess.com"]
[Date "2015.03.03"]
[Round "3"]
[White "wonderfultime"]
[Black "AUSSIE_PINOY"]
[Result "1-0"]
[WhiteElo "2540"]
[BlackElo "2219"]
[TimeControl "180+2"]
[EndTime "11:35:18 PST"]
[Termination "wonderfultime won by resignation"]

1. d4 d5 2. Nf3 Bg4 3. c4 Nc6 4.
Nc3 Bxf3 5. gxf3 e5 6. cxd5 Nxd4 7. e3 Nf5 8. Bb5+ Ke7 9. Bd3 Nd6 10. e4 f6 11. f4 exf4 12. Bxf4 Kf7 13. Rc1 Ne7 14. O-O h5 15. Kh1 g5 16. Be3 Ng6 17. Nb5 a6 18. Nxc7 Rc8 19. Ne6 Qd7 20. Rxc8 Qxc8 21. Be2 g4 22. f3 Be7 23. Bd4 Qd7 24. fxg4 hxg4 25. Bxg4 Qb5 26. e5 Qxd5+ 27. Qf3 Qxf3+ 28. Rxf3 Nb5 29. exf6 Nxd4 30. Nxd4 Bxf6 31. Rf2 Rd8 32. Nb3 Rd6 33. Nc5 Rc6 34. Nxb7 Nh4 35. Nd8+ Ke7 36. Nxc6+ 1-0

[Event "*** Titled Tuesday 3|2 Blitz"]
[Site "Chess.com"]
[Date "2015.03.03"]
[Round "3"]
[White "Yaacovn"]
[Black "promen1999"]
[Result "0-1"]
[WhiteElo "2532"]
[BlackElo "2260"]
[TimeControl "180+2"]
[EndTime "11:35:36 PST"]
[Termination "promen1999 won by resignation"]

1. d4 Nf6 2. Nf3 b6 3. c4 Bb7 4. g3 e6 5. Bg2 Bb4+ 6. Bd2 Be7 7.
O-O O-O 8. Nc3 Ne4 9. Qc2 d5 10.
cxd5 exd5 11. Bf4 Na6 12. Rac1 c5 13. dxc5 Naxc5 14. Rfd1 Rc8 15. Qb1 Bf6 16. Be5 Bxe5 17. Nxe5 Qf6 18. Nf3 Nxc3 19. Rxc3 Ne4 20. Rxc8 Rxc8 21. Rc1 Rc5 22. e3 h6 23. Rc2 Ba6 24. Qc1 Bd3 25. Rxc5 bxc5 26. b3 Be2 27. Ne1 Qxf2+ 28.
Kh1 Bf1 29. b4 c4 30. b5 c3 31. a4 c2 32. Bxe4 dxe4 33. Qxc2 Bg2+ 0-1

[Event "*** Titled Tuesday 3|2 Blitz"]
[Site "Chess.com"]
[Date "2015.03.03"]
[Round "3"]
[White "ChessTrener"]
[Black "pKiLz5Rn9b"]
[Result "1-0"]
[WhiteElo "2456"]
[BlackElo "2238"]
[TimeControl "180+2"]
[EndTime "11:35:59 PST"]
[Termination "ChessTrener won by resignation"]

1. e4 e6 2. d4 d5 3. Nc3 Nf6 4. Bg5 Be7 5. e5 Nfd7 6. Bxe7 Qxe7 7.
Qd2 a6 8. Nd1 c5 9. c3 Nc6 10.
f4 f6 11. Nf3 O-O 12. Nf2 b5 13. Be2 b4 14. O-O a5 15. Rfe1 f5 16. Rac1 Ba6 17. c4 dxc4 18. d5 Nd4 19. Nxd4 cxd4 20. d6 Qd8 21. Bxc4 Bxc4 22. Rxc4 Nb6 23. Rc7 Nd5 24. Rc4 Qb6 25. Rxd4 Rfd8 26. Rc1 Rac8 27. Rxc8 Rxc8 28. h3 a4 29. Kh2 Kh8 30. a3 bxa3 31. bxa3 Qb3 32. Qa5 Qb7 33. Qd2 Qb3 34. d7 Rd8 35. Qa5 Qb6 36. Rxd5 Qxa5 37. Rxa5 Kg8 38. Ra7 Kf7 39. Nd3 Ke7 40. Nc5 1-0

[Event "*** Titled Tuesday 3|2 Blitz"]
[Site "Chess.com"]
[Date "2015.03.03"]
[Round "3"]
[White "MinhGTrAn"]
[Black "destroyer305"]
[Result "0-1"]
[WhiteElo "2411"]
[BlackElo "2203"]
[TimeControl "180+2"]
[EndTime "11:35:59 PST"]
[Termination "destroyer305 won by resignation"]

1. d4 Nf6 2. Bg5 e6 3. e4 Be7 4. Nd2 c5 5. c3 cxd4 6. cxd4 d6 7.
Ngf3 b6 8. Bd3 Bb7 9. O-O Nbd7 10. Qe2 O-O 11. e5 dxe5 12. dxe5 Nd5 13. Qe4 g6 14. Qh4 Nc5 15. Bc4 h5 16. Rfd1 Bxg5 17. Nxg5 Qe7 18. Qg3 Rac8 19. Rac1 a5 20. Nde4 Nxe4 21.
Nxe4 Kg7 22. Nd6 Rc7 23. Bxd5 Bxd5 24. h4 Kh7 25. Kh2 Bxa2 26. b3 a4 27. bxa4 Bd5 28.
Rb1 f6 29. exf6 Qxf6 30. Ne4 Bxe4 31. Qxc7+ Rf7 32. Rd7 Qxh4+ 33. Kg1 Qxf2+ 0-1

[Event "*** Titled Tuesday 3|2 Blitz"]
[Site "Chess.com"]
[Date "2015.03.03"]
[Round "3"]
[White "grandmastergauri"]
[Black "kesarev"]
[Result "1-0"]
[WhiteElo "2295"]
[BlackElo "2231"]
[TimeControl "180+2"]
[EndTime "11:36:00 PST"]
[Termination "grandmastergauri won by resignation"]

1. e4 g6 2. Nc3 Bg7 3. g3 c5 4. Bg2 Nc6 5. d3 e6 6. Be3 d6 7. Qd2 Nd4 8. Nd1 Ne7 9. c3 Ndc6 10.
Ne2 O-O 11. Bh6 e5 12. Bxg7 Kxg7 13. Ne3 Be6 14. f4 f5 15. O-O Qd7 16. d4 exd4 17.
cxd4 cxd4 18. Nxd4 Rad8 19. Nxe6+ Qxe6 20. exf5 Nxf5 21. Nxf5+ Qxf5 22. Rfe1 Qf6 23. Rad1 Rf7 24. a3 Re7 25. b4 a6 26. Rxe7+ Qxe7 27. Bxc6 bxc6 28. Qc3+ Kf7 29. Re1 Qd7 30. Qc4+ d5 31.
Qxa6 Re8 32. Rxe8 Qxe8 33. Kf2 Kf6 34. Qe2 Qb8 35. Qe5+ Qxe5 36. fxe5+ Kxe5 37. Ke3 g5 38.
g4 h6 39. a4 d4+ 40. Kd3 Kd5 41. a5 c5 42. bxc5 1-0

[Event "*** Titled Tuesday 3|2 Blitz"]
[Site "Chess.com"]
[Date "2015.03.03"]
[Round "3"]
[White "kharposh"]
[Black "Aragon"]
[Result "1-0"]
[WhiteElo "2060"]
[BlackElo "1960"]
[TimeControl "180+2"]
[EndTime "11:36:05 PST"]
[Termination "kharposh won by checkmate"]

1. d4 d5 2. c4 e6 3. Nc3 c6 4. cxd5 cxd5 5. Bf4 Bd6 6. Bg3 Ne7 7.
e3 O-O 8. Nf3 Nbc6 9. Bd3 h6 10.
Rc1 Nf5 11. Bxf5 exf5 12. Bxd6 Qxd6 13. Qb3 Be6 14. O-O Na5 15. Qa4 b6 16. Ne5 Rfd8 17. Nb5 Qe7 18. Rc7 Bd7 19. b4 Bxb5 20. Rxe7 Bxa4 21. bxa5 bxa5 22. Nxf7 Re8 23. Rc7 f4 24. exf4 Re2 25. f5 Rxa2 26. f6 Be8 27. Nd6 gxf6 28.
Re1 Bg6 29. g4 Rd8 30. Ree7 Be4 31. Rg7+ Kf8 32. Rcf7# 1-0

[Event "*** Titled Tuesday 3|2 Blitz"]
[Site "Chess.com"]
[Date "2015.03.03"]
[Round "3"]
[White "Ar4uha"]
[Black "ViennaRocket"]
[Result "1-0"]
[WhiteElo "2471"]
[BlackElo "2199"]
[TimeControl "180+2"]
[EndTime "11:36:11 PST"]
[Termination "Ar4uha won by resignation"]

1. e4 a6 2. d4 b5 3. Nf3 Bb7 4. Bd3 Nf6 5. e5 Nd5 6. c3 e6 7. O-O c5 8. dxc5 Bxc5 9. Nbd2 Nc6 10. Ne4 Be7 11. Bg5 O-O 12. Bxe7 Qxe7 13. Nd6 Rab8 14. Qe2 Ba8 15. Qe4 f5 16. exf6 Nxf6 17. Qf4 e5 18. Qd2 e4 19. Nf5 Qc5 20. Qg5 Qxf5 21. Qxf5 exd3 22. Qxd3 d5 23. Rfe1 Rbd8 24. Nd4 Nxd4 25. Qxd4 Ne4 26. f3 Nd6 27. Re5 Nf5 28. Qd3 g6 29.
Rae1 d4 30. cxd4 Rxd4 31. Qb3+ Kg7 32. Rxf5 Rxf5 33. Qc3 Rd5 34. Rd1 b4 35. Qxd4+ Rxd4 36. Rxd4 1-0

[Event "*** Titled Tuesday 3|2 Blitz"]
[Site "Chess.com"]
[Date "2015.03.03"]
[Round "3"]
[White "petrpalachev"]
[Black "pedromartinez91"]
[Result "1-0"]
[WhiteElo "2445"]
[BlackElo "2145"]
[TimeControl "180+2"]
[EndTime "11:36:14 PST"]
[Termination "petrpalachev won by resignation"]

1. d4 d5 2. c4 e6 3. Nc3 Nf6 4.
cxd5 exd5 5. Bg5 Be7 6. Qc2 c6 7. e3 O-O 8. Bd3 Nbd7 9. Nge2 Re8 10. O-O Nf8 11. f3 Be6 12. Rad1 N6d7 13. Bxe7 Qxe7 14.
Nf4 Rad8 15. Qf2 Qf6 16. a3 Ng6 17. Nh5 Qg5 18. Ng3 Qe7 19. f4 Bg4 20. Rde1 Ngf8 21. h3 Nf6 22. hxg4 Nxg4 23. Nf5 Qd7 24. Qh4 Nf6 25. g4 Ng6 26. Qg3 c5 27. dxc5 Qc7 28. b4 a5 29. Nb5 Qc6 30. Nfd4 Qd7 31. Nd6 Rf8 32. g5 Ne8 33. Bb5 Qe7 34. Nxe8 axb4 35.
axb4 Rfxe8 36. Bxe8 Qxe8 37. b5 Ra8 38. c6 b6 39. Ra1 Rc8 40. Ra7 Ne7 41. f5 Rd8 42. Qe5 Nc8 43. Qxe8+ Rxe8 44. Ra8 1-0

[Event "*** Titled Tuesday 3|2 Blitz"]
[Site "Chess.com"]
[Date "2015.03.03"]
[Round "3"]
[White "AkshatChandra"]
[Black "EltajSafarli"]
[Result "0-1"]
[WhiteElo "2505"]
[BlackElo "2667"]
[TimeControl "180+2"]
[EndTime "11:36:20 PST"]
[Termination "EltajSafarli won on time"]

1. e4 c5 2. Nf3 d6 3. Bb5+ Nc6 4.
O-O Bd7 5. Re1 Nf6 6. c3 a6 7.
Bf1 Bg4 8. h3 Bxf3 9. Qxf3 g6 10. d3 Bg7 11. Be3 O-O 12. Nd2 Nd7 13. Qd1 b5 14. Nf3 b4 15. Qa4 Rc8 16. d4 Nb6 17. Qd1 bxc3 18. bxc3 cxd4 19. cxd4 d5 20. Bxa6 Rc7 21. e5 Qa8 22. Bb5 Nc4 23. Bg5 Na3 24. Bxc6 Qxc6 25. Rc1 Nc4 26. Nd2 e6 27. Qe2 Rfc8 28.
Nf3 Qa4 29. Nh2 h6 30. Bf4 Na3 31. Rxc7 Rxc7 32. Ng4 g5 33. Be3 Nc2 34. Rd1 Rc4 35. Nf6+ Kf8 36. Nd7+ Qxd7 0-1

[Event "*** Titled Tuesday 3|2 Blitz"]
[Site "Chess.com"]
[Date "2015.03.03"]
[Round "3"]
[White "ChessPsych0"]
[Black "BjarkeSahl"]
[Result "0-1"]
[WhiteElo "2014"]
[BlackElo "2071"]
[TimeControl "180+2"]
[EndTime "11:36:21 PST"]
[Termination "BjarkeSahl won on time"]

1. d4 f5 2. g3 Nf6 3. Bg2 g6 4. Nf3 Bg7 5. O-O O-O 6. c4 d6 7. b3 Qe8 8. Bb2 h6 9. Nbd2 g5 10. Qc2 Qg6 11. Rfe1 Nc6 12. d5 Nb4 13. Qb1 a5 14. a3 Na6 15. Nd4 Nc5 16. Qc2 Nce4 17.
Rad1 Nxf2 18. Kxf2 Ng4+ 19. Kf3 Nxh2+ 20. Kf2 Ng4+ 21.
Kf3 Bd7 22. e3 Rae8 23. Ke2 c5 24. dxc6 bxc6 25. Nxc6 Nxe3 26. Qc1 Nxg2 27. Rg1 Bxc6 28. Bxg7 Qxg7 29. Nf3 g4 0-1

[Event "*** Titled Tuesday 3|2 Blitz"]
[Site "Chess.com"]
[Date "2015.03.03"]
[Round "3"]
[White "FrankieJay"]
[Black "Spas_Kozhuharov"]
[Result "0-1"]
[WhiteElo "2203"]
[BlackElo "2407"]
[TimeControl "180+2"]
[EndTime "11:36:34 PST"]
[Termination "Spas_Kozhuharov won by resignation"]

1. e4 c6 2. d4 d5 3. e5 c5 4. Nf3 Bg4 5. dxc5 Nc6 6. Bb5 e6 7.
h3 Bxf3 8. Qxf3 Bxc5 9. O-O Ne7 10. c4 dxc4 11. Qg4 O-O 12. Qxc4 Qd4 13. Qxd4 Bxd4 14. Nc3 Nxe5 15. Bf4 N7g6 16. Bg3 Rfd8 17. Rab1 Rac8 18. Rfc1 h5 19. Be2 h4 20. Bh2 Bxc3 21. bxc3 Rd2 22.
Kf1 b6 23. a4 Nd3 24. Rd1 Rxd1+ 25. Rxd1 Ndf4 26. Bb5 Rxc3 27. Bxf4 Nxf4 28. Kg1 Rc7 29.
Rd4 g5 30. Kh2 Kg7 31. g3 hxg3+ 32. fxg3 Rc2+ 33. Kh1 Ne2 34. Bxe2 Rxe2 35. Rd7 a5 36. Rb7 Rb2 0-1

[Event "*** Titled Tuesday 3|2 Blitz"]
[Site "Chess.com"]
[Date "2015.03.03"]
[Round "3"]
[White "Novak_Pezelj"]
[Black "darsen_sanzhaev"]
[Result "1-0"]
[WhiteElo "2386"]
[BlackElo "2157"]
[TimeControl "180+2"]
[EndTime "11:36:52 PST"]
[Termination "Novak_Pezelj won by resignation"]

1. e4 c5 2. Nc3 e6 3. Bc4 a6 4. a4 Qc7 5. d3 Nf6 6. Nge2 Be7 7.
Bf4 d6 8. h3 Nc6 9. O-O h6 10.
Bh2 Nd4 11. Nxd4 cxd4 12. Ne2 e5 13. f4 Rb8 14. Kh1 b5 15. axb5 axb5 16. Bb3 Qc5 17.
fxe5 dxe5 18. c3 dxc3 19. d4 Qb6 20. dxe5 cxb2 21. Rb1 Nxe4 22. Bxf7+ Kf8 23. Bd5+ Nf2+ 24.
Kg1 Bf5 25. Rxf2 Bc5 26. Bg3 Rd8 27. Rxb2 Ke7 28. Rd2 Be3 29. Nd4 Bxf2+ 30. Bxf2 Rhf8 31. Nxf5+ Rxf5 32. Bxb6 1-0

[Event "*** Titled Tuesday 3|2 Blitz"]
[Site "Chess.com"]
[Date "2015.03.03"]
[Round "3"]
[White "manitodeplomo"]
[Black "Schemato"]
[Result "1/2-1/2"]
[WhiteElo "2292"]
[BlackElo "2079"]
[TimeControl "180+2"]
[EndTime "11:37:16 PST"]
[Termination "Game drawn by repetition"]

1. d4 e6 2. c4 f5 3. g3 Nf6 4.
Bg2 c6 5. Nh3 d5 6. O-O Bd6 7.
b3 Qe7 8. Bf4 O-O 9. Bxd6 Qxd6 10.
Nc3 Bd7 11. e3 Be8 12. Qe2 Bh5 13. Qb2 Nbd7 14. Nf4 g5 15. Nxh5 Nxh5 16. Rfe1 Nhf6 17. Rad1 Rae8 18. f3 g4 19. f4 h5 20. c5 Qc7 21. b4 a6 22. a4 Ra8 23. b5 axb5 24. axb5 Ra5 25. Ra1 Rfa8 26. Reb1 Qc8 27. Bf1 Ne4 28. Nxe4 dxe4 29. Bc4 Nf6 30. Qc3 Rxa1 31. Rxa1 Nd5 32. Bxd5 exd5 33. b6 Rxa1+ 34. Qxa1 Kf7 35. Kg2 Kg6 36. h4 Kf7 37. Qa7 Ke6 38. Kf2 Kf6 39.
Ke2 Ke6 40. Kd2 Kf6 41. Kc3 Ke6 42. Kb4 Kf6 43. Ka5 Ke6 44. Kb4 Kf6 45. Ka5 Ke6 46. Kb4 Kf6 47. Ka5 Ke6 48. Kb4 Kf6 49. Ka5 Ke6 50.
Kb4 Kf6 51. Ka5 Ke6 1/2-1/2

[Event "*** Titled Tuesday 3|2 Blitz"]
[Site "Chess.com"]
[Date "2015.03.03"]
[Round "3"]
[White "esr44"]
[Black "LADIESGET2KNOWME"]
[Result "1-0"]
[WhiteElo "2084"]
[BlackElo "2264"]
[TimeControl "180+2"]
[EndTime "11:37:20 PST"]
[Termination "esr44 won by resignation"]

1. d4 Nf6 2. c4 g6 3. Nc3 Bg7 4.
e4 d6 5. Nf3 O-O 6. h3 c5 7. d5 e6 8. Bd3 exd5 9. exd5 Re8+ 10. Be3 Nbd7 11. O-O Ne5 12. Nxe5 Rxe5 13. Qd2 Bf5 14.
Bxf5 Rxf5 15. f4 h5 16. Rae1 Qd7 17. Kh2 Re8 18. Bf2 Bh6 19. Bh4 Rxe1 20. Bxe1 Qe7 21.
Bh4 g5 22. Re1 Qxe1 23. Bxe1 Rxf4 24. Qe2 g4 25. Bd2 g3+ 26. Kxg3 h4+ 27. Kh2 Kg7 28.
Bxf4 Bxf4+ 29. Kg1 Kg6 30. Ne4 Nh5 31. Qg4+ Kh6 32.
Qxh4 Be3+ 33. Kf1 Kg6 34. Qg4+ Kh6 35. Nxd6 Bf4 36. Nxf7+ Kh7 37. Qxh5+ Kg7 38. Qg4+ 1-0

[Event "*** Titled Tuesday 3|2 Blitz"]
[Site "Chess.com"]
[Date "2015.03.03"]
[Round "3"]
[White "brauliocuarta"]
[Black "PauloCesarCosta"]
[Result "1-0"]
[WhiteElo "2021"]
[BlackElo "2050"]
[TimeControl "180+2"]
[EndTime "11:37:23 PST"]
[Termination "brauliocuarta won on time"]

1. d4 d5 2. c4 c6 3. Nf3 e6 4.
Nc3 dxc4 5. a4 Bb4 6. e4 b5 7. Bd2 Nf6 8. e5 Nd5 9. axb5 Bxc3 10.
bxc3 cxb5 11. Ng5 h6 12. Qh5 O-O 13. Ne4 f5 14. Nd6 Bd7 15. h4 Be8 16. Qf3 Bc6 17. Qg3 Kh7 18. h5 Be8 19. Be2 a5 20. Rh3 a4 21.
Bd1 Na6 22. Bc2 Nac7 23. Qf3 Bd7 24. g4 Ne8 25. gxf5 exf5 26. Qxd5 Nxd6 27. Qxd6 Qe8 28. Rg3 Kh8 29. Bxh6 Rf7 30. Bxg7+ Rxg7 31. Qh6+ Rh7 32. Qf6+ 1-0

[Event "*** Titled Tuesday 3|2 Blitz"]
[Site "Chess.com"]
[Date "2015.03.03"]
[Round "3"]
[White "Chesseducation4u"]
[Black "Tomsel"]
[Result "1-0"]
[WhiteElo "2327"]
[BlackElo "2277"]
[TimeControl "180+2"]
[EndTime "11:37:30 PST"]
[Termination "Chesseducation4u won on time"]

1. Nf3 Nf6 2. g3 b6 3. Bg2 Bb7 4.
O-O c5 5. c4 e6 6. Nc3 Nc6 7.
b3 Be7 8. Bb2 O-O 9. e3 d5 10. d3 Qd7 11. Qe2 d4 12. exd4 Nxd4 13. Nxd4 Bxg2 14. Kxg2 cxd4 15. Nb5 Bc5 16. b4 a6 17.
bxc5 axb5 18. cxb5 bxc5 19. a4 Qd5+ 20. Qf3 Qb3 21.
Rfb1 Qc2 22. Qd1 Qxd1 23. Rxd1 Rab8 24. Rac1 Rfc8 25. Rc2 Ra8 26. Ra1 Nd5 27. a5 Nb4 28. Rd2 e5 29. b6 Rab8 30. Ba3 Na6 31. Re1 f6 32. f4 exf4 33. gxf4 Kf7 34. Rc2 Re8 35.
Rxe8 Kxe8 36. Bxc5 Rc8 37. Re2+ Kf7 38. Bxd4 Nb4 39.
Rb2 Nxd3 40. b7 Rd8 41. b8=Q 1-0

[Event "*** Titled Tuesday 3|2 Blitz"]
[Site "Chess.com"]
[Date "2015.03.03"]
[Round "3"]
[White "GasconJR"]
[Black "Fandorine"]
[Result "0-1"]
[WhiteElo "2285"]
[BlackElo "2559"]
[TimeControl "180+2"]
[EndTime "11:37:31 PST"]
[Termination "Fandorine won on time"]

1. e4 c6 2. d4 d5 3. Nc3 h6 4.
Bd3 dxe4 5. Nxe4 Bf5 6. Nd6+ exd6 7. Bxf5 Qa5+ 8. Bd2 Qxf5 9. Nf3 Nd7 10. O-O O-O-O 11. c4 Ngf6 12. Qa4 Kb8 13. b4 Qd3 14. Rfc1 Nb6 15. Qa5 Be7 16. Rc3 Qg6 17. Nh4 Qh5 18. Nf5 Rhe8 19. Nxg7 Qxa5 20. bxa5 Rg8 21. Nf5 Nc8 22.
Nxh6 Rg6 23. Nxf7 Rdg8 24. g3 Ne4 25. Rd3 Nxd2 26. Rxd2 Rf8 27. Ne5 dxe5 28. dxe5 Rg5 29. Re2 Rg4 30. Rc1 Ba3 31. Rcc2 Ne7 32. Kg2 Nf5 33. Red2 Nd4 34. h3 Re4 35. f3 Nxc2 36. fxe4 Ne1+ 37. Kh1 Rf1+ 38. Kh2 Nf3+ 39. Kg2 Nxd2 0-1

[Event "*** Titled Tuesday 3|2 Blitz"]
[Site "Chess.com"]
[Date "2015.03.03"]
[Round "3"]
[White "MattyDPerrine"]
[Black "bsmail"]
[Result "1-0"]
[WhiteElo "2174"]
[BlackElo "2051"]
[TimeControl "180+2"]
[EndTime "11:37:31 PST"]
[Termination "MattyDPerrine won by checkmate"]

1. d4 Nf6 2. c4 e6 3. Nc3 Bb4 4. Qc2 O-O 5. Nf3 c5 6. dxc5 Na6 7.
g3 Nxc5 8. Bg2 Nce4 9. O-O Bxc3 10. bxc3 Qc7 11. Nd4 d5 12. cxd5 exd5 13. Bb2 Be6 14. Rac1 Rac8 15. Rfd1 b6 16. Qa4 a5 17. Qb3 Nc5 18. Qc2 Nfe4 19. c4 Nf6 20. Nb5 Qd7 21. Bxf6 gxf6 22. Bxd5 Bxd5 23. Rxd5 Qe6 24. Rd6 Qe5 25. Rxb6 Rfd8 26. Rd1 Ne4 27. e3 Rxd1+ 28. Qxd1 Qb2 29. Qg4+ Ng5 30. Qxc8+ Kg7 31. Qg4 h5 32. Qf5 Qa1+ 33. Kg2 a4 34. h4 Nh7 35. Nd4 Qxa2 36. Qd5 Qa3 37. Rb7 Qf8 38. Ne6+ Kg8 39. Nxf8 Kxf8 40.
Qxf7# 1-0

[Event "*** Titled Tuesday 3|2 Blitz"]
[Site "Chess.com"]
[Date "2015.03.03"]
[Round "3"]
[White "jcibarra"]
[Black "AlexanderL"]
[Result "0-1"]
[WhiteElo "2537"]
[BlackElo "2517"]
[TimeControl "180+2"]
[EndTime "11:37:42 PST"]
[Termination "AlexanderL won by resignation"]

1. e4 e6 2. d4 d5 3. Nd2 c5 4.
Ngf3 cxd4 5. Nxd4 Nc6 6. Bb5 Bd7 7. Nxc6 bxc6 8. Bd3 Qc7 9. Qe2 Ne7 10. Nf3 Ng6 11. e5 Be7 12. h4 f6 13. exf6 gxf6 14. c4 Nf4 15. Bxf4 Qxf4 16. cxd5 cxd5 17. a3 Rb8 18. g3 Qg4 19. O-O e5 20. Rfe1 e4 21.
Nd4 Qxe2 22. Bxe2 Bc5 23. Bh5+ Ke7 24. Rad1 Rxb2 25. Re2 Rhb8 26. Nc2 Bb5 27. Red2 Bd3 28. Ne3 Rxd2 29. Rxd2 Ke6 30. Bg4+ Ke5 31. Be2 Bxe3 32.
fxe3 Bxe2 33. Rxe2 Rb3 34. Kf2 Rxa3 35. Rb2 h5 36. Rb7 Ra2+ 37. Kf1 Kf5 38. Rb5 Kg4 39. Rxd5 f5 40. Rb5 a5 41. Ke1 a4 42. Ra5 a3 43.
Kd1 Kxg3 44. Rxf5 Rf2 45. Rg5+ Kxh4 46. Ra5 a2 47. Ke1 Rb2 48. Rxa2 Rxa2 0-1

[Event "*** Titled Tuesday 3|2 Blitz"]
[Site "Chess.com"]
[Date "2015.03.03"]
[Round "3"]
[White "zmaj23"]
[Black "Tilicheev_Viacheslav"]
[Result "1-0"]
[WhiteElo "2321"]
[BlackElo "2509"]
[TimeControl "180+2"]
[EndTime "11:37:57 PST"]
[Termination "zmaj23 won by resignation"]

1. e4 c5 2. Nf3 d6 3. d4 cxd4 4.
Nxd4 Nf6 5. Nc3 Nc6 6. Bg5 e6 7. Qd2 a6 8. O-O-O Bd7 9. f4 h6 10. Bh4 Nxe4 11. Qe1 Nf6 12. Nf5 Qa5 13. Nxd6+ Bxd6 14.
Rxd6 Qc7 15. Qd1 O-O-O 16. Kb1 Ne7 17. Rd2 Bc6 18. Bd3 Qxf4 19. Bg3 Qb4 20. a3 Qb6 21.
Qe2 Ned5 22. Be5 Rd7 23. Nxd5 Bxd5 24. Rf1 Rhd8 25. Bxf6 gxf6 26. Rxf6 Qg1+ 27. Qf1 Qxh2 28. Rdf2 Bc4 29. R2f3 Bxd3 30. cxd3 Qd6 31. Rxh6 Rc7 32. g4 Rdd7 33. Rh8+ Rd8 34. Rh7 Rdd7 35. Rfxf7 Rxf7 36. Rh8+ Qd8 37. Rxd8+ Kxd8 38. Qe1 Rf6 39. Qe5 Rg6 40.
Qh8+ Ke7 41. Qh7+ 1-0

[Event "*** Titled Tuesday 3|2 Blitz"]
[Site "Chess.com"]
[Date "2015.03.03"]
[Round "3"]
[White "GGuseinov"]
[Black "Mugzyyy"]
[Result "1-0"]
[WhiteElo "2541"]
[BlackElo "2270"]
[TimeControl "180+2"]
[EndTime "11:38:04 PST"]
[Termination "GGuseinov won on time"]

1. e4 e6 2. d4 d5 3. Nd2 Be7 4. c3 c5 5. dxc5 Nf6 6. exd5 Qxd5 7. Ngf3 O-O 8. Bc4 Qxc5 9. O-O b5 10. Bd3 Bb7 11.
Qe2 a6 12. Ne4 Nxe4 13. Bxe4 Bxe4 14. Qxe4 Nd7 15. Be3 Qc4 16. Qxc4 bxc4 17. Rfd1 Nc5 18. Bxc5 Bxc5 19. Ne5 Rfb8 20. Nxc4 a5 21. Rd7 a4 22.
Rad1 Rc8 23. Kf1 Rab8 24. R1d2 Bf8 25. Nd6 Bxd6 26. R7xd6 g6 27. Ra6 Rc4 28. f3 Rb5 29. Ke2 Rh4 30. h3 Rg5 31. Kd1 h5 32. Kc2 Kg7 33.
b4 axb3+ 34. axb3 Rc5 35. Kb2 Rf4 36. b4 Rc7 37. Ra3 g5 38. Rb3 f5 39. b5 g4 40.
hxg4 hxg4 41. fxg4 fxg4 42. b6 Rb7 43. Ka3 Kf6 44.
Rd6 Rc4 45. Rd4 Rc6 46. Rdb4 Ke5 47. Ka4 Kd6 48. Ka5 Rc8 49. Ka6 Rg7 50. b7 Rc6+ 51. Rb6 1-0

[Event "*** Titled Tuesday 3|2 Blitz"]
[Site "Chess.com"]
[Date "2015.03.03"]
[Round "3"]
[White "Rijeka1999"]
[Black "Gevorg_Harutjunyan"]
[Result "0-1"]
[WhiteElo "2242"]
[BlackElo "2505"]
[TimeControl "180+2"]
[EndTime "11:38:04 PST"]
[Termination "Gevorg_Harutjunyan won by resignation"]

1. e4 c6 2. d4 d5 3. Nc3 dxe4 4.
Nxe4 Bf5 5. Ng3 Bg6 6. Bc4 e6 7. N1e2 Bd6 8. h4 h6 9. Nf4 Bxf4 10. Bxf4 Nf6 11. Qd2 Nbd7 12. O-O-O Nb6 13. Bd3 Bxd3 14. Qxd3 Qd5 15. Kb1 Qb5 16. Qxb5 cxb5 17. Be5 Ng4 18. Rd2 Nc4 19. Re2 Ngxe5 20. dxe5 O-O-O 21. Ne4 Nxe5 22. b3 Nc6 23. Rh3 Rd5 24. Rg3 g6 25. Rf3 Nd4 26.
Rc3+ Kb8 27. Rd2 Rhd8 28. Rcd3 Nf5 29. Rxd5 Rxd5 30. g3 Rxd2 31. Nxd2 Kc7 32. c3 Kc6 33. Kc2 Nd6 34. Kd3 e5 35. f3 f5 36. Nf1 e4+ 37.
fxe4 Nxe4 38. Kd4 Kd6 39. g4 Ke6 40. Ne3 Nf6 41. gxf5+ gxf5 42. c4 bxc4 43. bxc4 f4 44.
Ng2 Kf5 45. Kc5 f3 46. Ne3+ Ke4 47. Nf1 Kd3 48. a4 f2 49. a5 Ne4+ 50. Kd5 Nd2 51.
Ng3 Nxc4 0-1